 Dungeon Crawl Stone Soup version 0.23-a0-8-gb809bb7 (webtiles) character file.

11269 Amnesiac the Thaumaturge (level 11, -2/79 HPs)
             Began as a Mummy Wizard on Aug 1, 2018.
             Was a High Priest of Sif Muna.
             Slain by a crocodile (19 damage)
             ... on level 10 of the Dungeon.
             The game lasted 00:24:22 (8971 turns).

Amnesiac the Thaumaturge (Mummy Wizard)             Turns: 8971, Time: 00:24:23

Health: -2/79      AC: 10    Str: 10    XL:     11   Next: 47%
Magic:  22/35      EV: 13    Int: 21    God:    Sif Muna [*****.]
Gold:   230        SH:  0    Dex: 11    Spells: 10/32 levels left

rFire    x . .     SeeInvis +   b - +0 dagger (venom)
rCold    + . .     Gourm    .   (no shield)
rNeg     + + +     Faith    .   l - +2 robe {MR+}
rPois    ∞         Spirit   .   C - +1 hat {MR+}
rElec    .         Reflect  .   (no cloak)
rCorr    .         Harm     +   w - +1 pair of gloves
MR       +++..                  x - +2 pair of boots {Fly}
Stlth    ++........             h - amulet of harm
HPRegen  0.23/turn              u - ring of magical power
MPRegen  0.24/turn              e - ring of see invisible

@: flying, slowed, divine energy, very slow
A: no food or potions, fire vulnerability, cold resistance 1, negative energy
resistance 3, torment resistance, unbreathing
a: Stop Divine Energy, Channel Magic, Forget Spell, Renounce Religion, Stop
Flying


You were on level 10 of the Dungeon.
You worshipped Sif Muna.
Sif Muna was extremely pleased with you.
You were not hungry.

You visited 2 branches of the dungeon, and saw 11 of its levels.
You also visited: Ossuary.

You collected 417 gold pieces.
You spent 187 gold pieces at shops.

Inventory:

Hand Weapons
 a - a +0 hunting sling
 b - a +0 dagger of venom (weapon)
 g - a +4 scimitar of flaming
Missiles
 d - 305 stones
 j - 7 javelins (quivered)
 n - 105 sling bullets
Armour
 l - a +2 robe of magic resistance (worn)
 w - a +1 pair of gloves (worn)
 x - a +2 pair of boots of flying (worn)
 C - a +1 hat of magic resistance (worn)
Jewellery
 e - a ring of see invisible (right hand)
 h - an amulet of harm (around neck)
 u - a ring of magical power (left hand)
Wands
 c - a wand of paralysis (13)
 v - a wand of enslavement (14)
 y - a wand of polymorph (12)
 z - a wand of flame (15)
Scrolls
 f - 6 scrolls of teleportation {!r}
 i - 2 scrolls of enchant armour {!r}
 k - 7 scrolls of remove curse {!r}
 m - 3 scrolls of fear {!r}
 o - 6 scrolls of identify {!r}
 p - a scroll of magic mapping {!r}
 q - a scroll of blinking {!r}
 r - 2 scrolls of amnesia {!r}
 s - a scroll of fog {!r}
 t - a scroll of enchant weapon {!r}


   Skills:
 + Level 5.1 Fighting
 - Level 4.0 Dodging
 - Level 1.5 Stealth
 - Level 11.0 Spellcasting
 - Level 8.0 Conjurations
 - Level 5.0 Summonings
 - Level 8.0 Necromancy
 - Level 0.7 Translocations
 * Level 4.1 Invocations


You had 10 spell levels left.
You knew the following spells:

 Your Spells              Type           Power        Failure   Level  Hunger
a - Magic Dart            Conj           ####         1%          1    N/A
b - Call Imp              Summ           ####....     1%          2    N/A
c - Summon Lightning Spi  Summ/Air       ###.....     21%         4    N/A
d - Haunt                 Necr/Summ      #####.....   98%         7    N/A
e - Mephitic Cloud        Conj/Pois/Air  ###.....     6%          3    N/A
s - Conjure Flame         Conj/Fire      ####....     3%          3    N/A
v - Blink                 Tloc           N/A          7%          2    N/A

Your spell library contained the following spells:

 Spells                   Type           Power        Failure   Level  Hunger
 Slow                     Hex            ##......     9%          2    N/A
 Death's Door             Chrm/Necr      ####......   100%        8    N/A
 Summon Small Mammal      Summ           ####         1%          1    N/A
 Borgnjor's Revivificati  Necr           #####.....   100%        8    N/A
 Summon Ice Beast         Ice/Summ       ###.....     21%         4    N/A
 Summon Greater Demon     Summ           ####......   99%         7    N/A
 Necromutation            Tmut/Necr      ####......   100%        8    N/A
 Call Canine Familiar     Summ           ####....     2%          3    N/A
 Summon Butterflies       Summ           ####....     1%          1    N/A
 Summon Guardian Golem    Hex/Summ       ###.....     6%          3    N/A
 Spellforged Servitor     Conj/Summ      #####.....   98%         7    N/A
 Infestation              Necr           #####.....   100%        8    N/A

Dungeon Overview and Level Annotations

Branches:
Dungeon (10/15)            Temple (1/1) D:7
   Lair: D:8-11         Orc: D:9-12

Altars:
Dithmenos
Elyvilon
Gozag
Ru
Sif Muna
Uskayaw
Yredelemnul

Shops:
D:7 ?[?   D:8 *

Portals:
Trove: D:10 (give 2 scrolls of acquirement)


Innate Abilities, Weirdness & Mutations

You do not eat or drink.
Your flesh is vulnerable to fire.
You are immune to poison.
Your flesh is cold resistant. (rC+)
You are immune to negative energy. (rN+++)
You are immune to unholy pain and torment.
You can survive without breathing.


Message History

* * * LOW HITPOINT WARNING * * *
The two-headed ogre closely misses you. The orc barely misses you.
Okay, then.
Casting: Blink (safe; 7% risk of failure)
Confirm with . or Enter, or press ? or * to list all spells.
You blink.
A basilisk comes into view.
The basilisk hisses angrily.
A yak comes into view. x2
Casting: Blink (safe; 7% risk of failure)
Confirm with . or Enter, or press ? or * to list all spells.
Aiming: Mephitic Cloud (safe; 6% risk of failure)
Press: ? - help, Shift-Dir - straight line, f - centaur
Aim: a centaur The ball explodes into a vile cloud!
The stinking cloud engulfs the centaur.
The stinking cloud engulfs the orc.
The yak bellows! x3; You hear a bellow!
The centaur is engulfed in noxious fumes.
The centaur appears confused.
The centaur hits the orc.
The orc is engulfed in noxious fumes.
The orc appears confused.
The orc hits the wraith but does no damage.
The basilisk gazes at you. You resist with almost no effort.
Casting: Mephitic Cloud (safe; 6% risk of failure)
Confirm with . or Enter, or press ? or * to list all spells.
Aiming: Mephitic Cloud (safe; 6% risk of failure)
Press: ? - help, Shift-Dir - straight line, f - basilisk, p - centaur
Aim: a basilisk The ball explodes into a vile cloud!
The stinking cloud engulfs the basilisk.
You hear a bellow!
You hear an angry hiss.
The centaur is engulfed in noxious fumes.
The centaur appears confused.
The centaur hits something.
The orc is engulfed in noxious fumes.
The orc appears confused.
The orc hits the centaur with an enchanted flail!
The centaur is engulfed in noxious fumes.
The centaur appears confused.
The basilisk is engulfed in noxious fumes.
The basilisk gazes at you. You resist with almost no effort.
Unknown command.
The yak is engulfed in noxious fumes.
The basilisk is engulfed in noxious fumes.
The basilisk appears confused.
The basilisk barely misses the yak.
The yak is engulfed in noxious fumes. x2
The basilisk is engulfed in noxious fumes.
The basilisk bites the yak!
The orc priest shouts!
The two-headed ogre says, "I'm a little confused."
Something bites the yak!
The centaur hits the orc.
The yak is engulfed in noxious fumes.
The centaur gestures wildly.
The two-headed ogre seems less confused.
The orc priest calls upon Beogh to heal the orc.
The orc's wounds heal themselves!
The orc hits you with a hand axe.
* * * LOW HITPOINT WARNING * * *
You hear a bellow!
There is a stone staircase leading up here.
The wraith hits you!
* * * LOW HITPOINT WARNING * * *
The wraith drains your vigour!
You feel yourself slow down. The crocodile bites you!
You die...

#o######.o.t.....P
#.##########t......
#.##...[..# ...P..
##.##..o...# .....
#..##......### ...♣.
#.###....O...##Y.... ##.#
#......#..lY....
######..###...oW.#......Y.
..........#...@Yo#.####...
..!...!....c.t...Y........
....[.....#####......####.
..........# #...........
########### #.......####
#......%# #......[#
#.......# #.......#


You could see a two-headed ogre, 2 yaks, a wraith, a crocodile, a centaur
(confused), an orc priest and 2 orcs.

Vanquished Creatures
  Gastronok (D:8)
  2 two-headed ogres
  Erica (D:8)
  Pikel (D:7)
  A guardian mummy (D:10)
  2 trolls
  Grinder (D:5)
  Prince Ribbit (D:5)
  A wyvern (D:10)
  2 yaks
  4 hogs (D:8)
  A human (D:8)
  2 hungry ghosts
  Menkaure (D:7)
  2 porcupines (D:10)
  A sky beast (D:5)
  A slave (D:7)
  An ice beast (D:6)
  A hornet zombie (D:6)
  3 orc warriors
  5 ogres
  A phantom (D:5)
  A crocodile (D:9)
  3 centaurs
  8 elf zombies
  5 bullfrogs
  An elf skeleton (D:8)
  A water moccasin zombie (D:8)
  A scorpion (D:5)
  8 killer bees
  4 howler monkeys
  2 bullfrog zombies
  6 centaur zombies
  8 hounds
  2 quasits (D:10)
  3 crimson imps
  6 human zombies
  2 jellies
  A centaur skeleton (D:7)
  5 orc priests
  4 orc wizards
  2 iguanas
  8 worker ants
  A hound zombie (D:6)
  A hound skeleton (D:6)
  3 mummies (Ossuary)
  3 worker ant zombies
  6 gnolls
  11 adders
  A shadow imp (D:4)
  2 oozes
  3 worms
  3 adder skeletons
  4 adder zombies
  3 dart slugs
  4 leopard geckos
  20 orcs
  11 goblins
  4 hobgoblins
  14 jackals
  5 kobolds
  2 quokkas
  A ball python (D:1)
  8 bats
  4 frilled lizards
  A jackal skeleton (D:5)
  A jackal zombie (D:6)
  A leopard gecko zombie (D:7)
  4 orc skeletons (D:8)
  An orc zombie (D:8)
  A quokka zombie (D:6)
  2 rats
242 creatures vanquished.

Vanquished Creatures (collateral kills)
  A killer bee (D:8)
  An iguana (D:10)
  A giant cockroach (D:1)
  A kobold (D:1)
4 creatures vanquished.

Vanquished Creatures (others)
  A black bear (D:8)
  2 bushes (D:10)
  6 fungi (D:10)
  17 plants (D:10)
26 creatures vanquished.

Grand Total: 272 creatures vanquished

Notes
Turn   | Place    | Note
-------+----------+-------------------------------------------
     0 | D:1      | Amnesiac the Mummy Wizard began the quest for the Orb.
     0 | D:1      | Reached XP level 1. HP: 13/13 MP: 5/5
     2 | D:1      | Noticed a gargoyle
     2 | D:1      | Noticed a tengu
     4 | D:1      | Noticed a human
     4 | D:1      | Noticed an elf
     6 | D:1      | Noticed a demonspawn
     6 | D:1      | Noticed a draconian
    10 | D:1      | Noticed a halfling
    10 | D:1      | Noticed an octopode
    12 | D:1      | Noticed a demigod
    12 | D:1      | Noticed a troll
    14 | D:1      | Noticed a vine stalker
    14 | D:1      | Noticed a merfolk
    16 | D:1      | Noticed a ghoul
    16 | D:1      | Noticed a spriggan
    18 | D:1      | Noticed an ogre
    18 | D:1      | Noticed a felid
    20 | D:1      | Noticed a minotaur
    20 | D:1      | Noticed a dwarf
    22 | D:1      | Noticed a vampire
    24 | D:1      | Noticed a centaur
    26 | D:1      | Noticed a formicid
    26 | D:1      | Noticed a naga
    91 | D:1      | Reached skill level 1 in Conjurations
   201 | D:2      | Reached XP level 2. HP: 14/19 MP: 1/7
   205 | D:2      | Learned a level 2 spell: Blink
   208 | D:2      | Learned a level 2 spell: Call Imp
   686 | D:3      | Reached XP level 3. HP: 22/24 MP: 5/8
   691 | D:3      | Learned a level 3 spell: Mephitic Cloud
   799 | D:4      | Noticed an ogre
   815 | D:4      | Killed an ogre
   815 | D:4      | Reached XP level 4. HP: 30/30 MP: 3/10
   815 | D:4      | Reached XP level 5. HP: 35/35 MP: 3/11
   820 | D:4      | Learned a level 3 spell: Conjure Flame
   977 | D:5      | Entered Level 5 of the Dungeon
  1287 | D:4      | Noticed an orc warrior
  1482 | D:4      | Reached XP level 6. HP: 28/41 MP: 6/12
  1832 | D:4      | Killed an orc warrior
  1846 | D:4      | Reached XP level 7. HP: 25/51 MP: 5/13
  2063 | D:4      | Found a deep blue altar of Sif Muna.
  2205 | D:4      | Became a worshipper of Sif Muna the Loreminder
  3668 | D:5      | Reached * piety under Sif Muna
  3759 | D:5      | Reached skill level 5 in Spellcasting
  3880 | D:5      | Noticed Grinder
  3885 | D:5      | Reached skill level 5 in Conjurations
  3901 | D:5      | Paralysed by Grinder for 7 turns
  3904 | D:5      | Killed Grinder
  3904 | D:5      | Reached XP level 8. HP: 55/58 MP: 16/16
  3932 | D:5      | Noticed Prince Ribbit
  3942 | D:5      | Killed Prince Ribbit
  3942 | D:5      | Reached skill level 6 in Spellcasting
  4002 | D:5      | Reached ** piety under Sif Muna
  4326 | D:6      | Learned a level 4 spell: Summon Lightning Spire
  4513 | D:6      | Reached skill level 7 in Spellcasting
  4773 | D:6      | Found a hide-covered altar of Uskayaw.
  4780 | D:6      | Found a sacrificial altar of Ru.
  4784 | D:6      | Found an opulent altar of Gozag.
  5048 | D:6      | Reached *** piety under Sif Muna
  5054 | D:6      | Found a sacrificial altar of Ru.
  5173 | D:6      | Reached XP level 9. HP: 63/63 MP: 13/20
  5276 | D:7      | Found Beennor's Antique Armour Boutique.
  5276 | D:7      | Noticed Menkaure
  5284 | D:7      | Killed Menkaure
  5306 | D:7      | Bought a pair of runed boots for 187 gold pieces
  5346 | D:7      | Found Xievejan's Magic Scroll Emporium.
  5447 | D:7      | Found a staircase to the Ecumenical Temple.
  5459 | Temple   | Entered the Ecumenical Temple
  5523 | D:7      | Reached skill level 8 in Spellcasting
  5532 | D:7      | Learned a level 7 spell: Haunt
  5580 | D:7      | Reached skill level 1 in Summonings
  5625 | D:7      | Reached skill level 1 in Necromancy
  5781 | D:7      | Found Junlobul's Magic Scroll Shoppe.
  5875 | D:7      | Noticed Pikel
  5904 | D:7      | Killed Pikel
  6248 | D:7      | Reached **** piety under Sif Muna
  6347 | D:8      | Found a white marble altar of Elyvilon.
  6375 | D:8      | Reached skill level 5 in Necromancy
  6379 | D:8      | Found Fihus's Assorted Antiques.
  6500 | D:8      | Reached XP level 10. HP: 47/70 MP: 8/22
  6620 | D:8      | Reached ***** piety under Sif Muna
  6623 | D:8      | Noticed Erica
  6677 | D:8      | Killed Erica
  6677 | D:8      | Identified Sif Muna's Tome of Calling (Sif Muna gifted it to you on level 8 of the Dungeon)
  6677 | D:8      | Received a gift from Sif Muna
  6726 | D:8      | Noticed Gastronok
  6905 | D:8      | Found a sand-covered staircase.
  6910 | Ossuary  | Entered an ossuary
  7301 | Ossuary  | Reached skill level 5 in Summonings
  7434 | D:8      | Killed Gastronok
  7434 | D:8      | Reached skill level 10 in Spellcasting
  7539 | D:8      | Reached XP level 11. HP: 71/75 MP: 25/25
  7585 | D:8      | Noticed a two-headed ogre
  7596 | D:8      | Killed a two-headed ogre
  7596 | D:8      | Reached skill level 11 in Spellcasting
  7897 | D:9      | Reached skill level 1 in Invocations
  8349 | D:10     | Entered Level 10 of the Dungeon
  8536 | D:10     | Noticed a two-headed ogre
  8562 | D:10     | Killed a two-headed ogre
  8724 | D:10     | Reached skill level 5 in Fighting
  8811 | D:10     | Found a portal to a secret trove of treasure.
  8950 | D:10     | Noticed a two-headed ogre
  8971 | D:10     | Slain by a crocodile

Vault maps used:
D:1:      kb_arrival_jail
D:3:      first_ration, minmay_misc_feat_x
D:4:      lemuel_blue_sif_altar
D:5:      minmay_strange_pillars, uniq_grinder, uniq_prince_ribbit1
D:6:      minmay_overflow_temple_star_quad, serial_undead, serial_undead_a,
          serial_undead_e, serial_undead_b, serial_undead_d,
          nicolae_ru_sacrificial_ziggurat
D:7:      minmay_temple_entry_junction, serial_shops, shop, shop,
          nicolae_shop_competitors_out_of_business, uniq_menkaure, uniq_pikel
D:8:      nicolae_overflow_crystal_walls, serial_shops, shop,
          nicolae_ossuary_entry_catacombs, grunt_livestock,
          kennysheep_generic_room_7, uniq_erica, uniq_gastronok
D:10:     minmay_lair_entry_grove, nicolae_trove_entry_path_of_doom
Temple:   dpeg_five_rooms_temple
Ossuary:  ossuary_minmay_four_chambers

Skill      XL: |  1  2  3  4  5  6  7  8  9 10 11 |
---------------+----------------------------------+-----
Conjurations   | 1 2 3 4 5 7 8 |  8.0
Dodging        | 2 3 4 |  4.0
Fighting       | 2 3 5 |  5.1
Spellcasting   | 5 7 8 10 11 | 11.0
Summonings     | 3 5 |  5.0
Necromancy     | 5 8 |  8.0
Invocations    | 4 |  4.1
Stealth        | |  1.5
Translocations | |  0.7

Action                   |  1- 3 |  4- 6 |  7- 9 | 10-12 || total
-------------------------+-------+-------+-------+-------++-------
Melee: Whip              |    12 |       |       |       ||    12
       Dagger            |       |    13 |   250 |   190 ||   453
 Fire: Hunting sling     |    16 |    10 |       |       ||    26
Throw: Javelin           |    10 |    20 |       |       ||    30
 Cast: Magic Dart        |    33 |    47 |   226 |   135 ||   441
       Call Imp          |     1 |       |       |       ||     1
       Mephitic Cloud    |     2 |     5 |    22 |    28 ||    57
       Conjure Flame     |       |       |    12 |    29 ||    41
       Blink             |       |       |       |     8 ||     8
Invok: Divine Energy     |       |       |     1 |       ||     1
Evoke: Wand              |       |       |     5 |    15 ||    20
  Use: Scroll            |       |     4 |     7 |     1 ||    12
 Stab: Confused          |       |     1 |     5 |     6 ||    12
       Paralysed         |       |       |     9 |       ||     9
       Sleeping          |       |       |     5 |       ||     5
Armor: Robe              |     5 |     7 |    54 |    69 ||   135
Dodge: Dodged            |    33 |    25 |   183 |   133 ||   374

Table legend:
 A = Spawn XP
 B = Non-spawn XP
 C = Spawn XP percentage of total XP
 D = Spawn monster count
 E = Non-spawn monster count
 F = Spawn count percentage of total count
 G = Total turns spent on level
                    A         B        C        D         E        F      G
               +---------+---------+-------+---------+---------+-------+---------
         Total |       0 |   16099 |   0.0 |       0 |     246 |   0.0 |  8971
               +---------+---------+-------+---------+---------+-------+---------
           D:1 |       0 |      43 |   0.0 |       0 |      23 |   0.0 |   966
           D:2 |       0 |      98 |   0.0 |       0 |      17 |   0.0 |   501
           D:3 |       0 |      78 |   0.0 |       0 |      15 |   0.0 |   683
           D:4 |       0 |     675 |   0.0 |       0 |      24 |   0.0 |  1445
           D:5 |       0 |    1072 |   0.0 |       0 |      19 |   0.0 |   709
           D:6 |       0 |     952 |   0.0 |       0 |      31 |   0.0 |   972
           D:7 |       0 |    1812 |   0.0 |       0 |      25 |   0.0 |  1079
           D:8 |       0 |    6911 |   0.0 |       0 |      45 |   0.0 |   864
           D:9 |       0 |     950 |   0.0 |       0 |      11 |   0.0 |   773
          D:10 |       0 |    2681 |   0.0 |       0 |      21 |   0.0 |   420
       Ossuary |       0 |     827 |   0.0 |       0 |      15 |   0.0 |   502
               +---------+---------+-------+---------+---------+-------+---------
